 Dungeon Crawl Stone Soup version 0.23-a0-358-g98c7a59 (webtiles) character file.

935 namelastname112 the Magician (level 7, 19/57 HPs)
             Began as a Pale Draconian Wizard on Oct 23, 2018.
             Was an Initiate of Vehumet.
             Quit the game on level 4 of the Dungeon.
             The game lasted 00:06:23 (3517 turns).

namelastname112 the Magician (DrWz)                 Turns: 3517, Time: 00:06:23

Health: 19/57      AC:  7    Str:  9    XL:     7   Next: 87%
Magic:  1/15       EV: 13    Int: 20    God:    Vehumet [......]
Gold:   166        SH:  0    Dex: 10    Spells: 11/17 levels left

rFire    . . .     SeeInvis .   m - +1 short sword (venom)
rCold    . . .     Gourm    .   (no shield)
rNeg     . . .     Faith    .   (armour unavailable)
rPois    .         Spirit   .   a - +0 hat
rElec    .         Reflect  .   p - +0 cloak
rCorr    .         Harm     .   (no gloves)
MR       .....                  (no boots)
Stlth    +++.......             (no amulet)
HPRegen  0.19/turn              i - ring of stealth
MPRegen  0.14/turn              (no ring)

@: no status effects
A: breathe steam, unfitting armour, cold-blooded, AC +6
a: Breathe Steam, Renounce Religion


You were on level 4 of the Dungeon.
You worshipped Vehumet.
Vehumet was noncommittal.
You were very hungry.

You visited 2 branches of the dungeon, and saw 5 of its levels.

You collected 166 gold pieces.

Inventory:

Hand Weapons
 m - a +1 short sword of venom (weapon)
 q - a +2 whip of electrocution
Missiles
 l - 6 curare-tipped needles
Armour
 a - a +0 hat (worn)
 p - a +0 cloak (worn)
Jewellery
 i - a ring of stealth (left hand)
Scrolls
 d - a scroll of blinking {unknown}
 e - 4 scrolls of remove curse {unknown}
 f - a scroll of enchant armour {unknown}
 g - a scroll of amnesia {unknown}
 h - 4 scrolls of identify {unknown}
 k - a scroll of fear {unknown}
 r - a scroll of teleportation {unknown}
Potions
 b - 3 potions of curing {unknown}
 j - a potion of haste {unknown}
 n - a potion of heal wounds {unknown}
 o - a potion of flight {unknown}
Comestibles
 c - 7 rations


   Skills:
 + Level 3.5 Fighting
 + Level 3.6 Dodging
 - Level 1.7 Stealth
 * Level 5.6 Spellcasting
 * Level 5.2 Conjurations
   Level 1.0 Summonings
 - Level 1.0 Translocations


You had 11 spell levels left.
You knew the following spells:

 Your Spells              Type           Power        Failure   Level  Hunger
c - Conjure Flame         Conj/Fire      ###.....     11%         3    ##.....
e - Blink                 Tloc           N/A          11%         2    None
z - Magic Dart            Conj           ####         1%          1    None

Your spell library contained the following spells:

 Spells                   Type           Power        Failure   Level  Hunger
 Call Imp                 Summ           #.......     11%         2    None
 Slow                     Hex            #.......     16%         2    None
 Mephitic Cloud           Conj/Pois/Air  ##......     16%         3    ##.....


Dungeon Overview and Level Annotations

Branches:
Dungeon (4/15)             Temple (1/1) D:4

Altars:
Ashenzari
Dithmenos
Gozag
Kikubaaqudgha
Qazlal
Sif Muna
Vehumet
Xom


Innate Abilities, Weirdness & Mutations

You can breathe blasts of scalding, opaque steam.
Your pale cyan-grey scales are hard. (AC +6)
You cannot fit into any form of body armour.
You are cold-blooded and may be slowed by cold attacks.


Message History

The orc closely misses you.
The giant cockroach waves its antennae.
The giant cockroach bites you but does no damage.
You take 8 damage, and have 32/57 hp.
You hit the orc priest.
The orc priest looks as sick as possible!
The orc priest is almost dead.
You kill the orc priest!
Vehumet accepts your kill. The orc hits you but does no damage.
The giant cockroach closely misses you.
You hit the orc.
The orc is lightly wounded.
The orc hits you with a +0 hand axe! The giant cockroach bites you.
The adder skeleton bites you.
You take 14 damage, and have 19/57 hp.
MASSIVE DAMAGE!!
You are too injured to fight recklessly!
You are too injured to fight recklessly!
You are too injured to fight recklessly!
You are too injured to fight recklessly!
Are you sure you want to abandon this character and quit the game? (Confirm

.# ##......#
#.###.#
#....###
#.###'# #....#
#.#.... ##...##
#.#.#'# #....#
#.+.#># #....#
###.### #....#
#.... #..<)#
###'# ##.@)#
#.# #oZs.# #.#
#.)..# #.#
#....# #.#
#.)..# #.#
......# #.#
........####
#..
....####....###
###
#.#.#.#.#####


You could see an orc, a giant cockroach and an adder skeleton.

Vanquished Creatures
  Pikel (D:4)
  2 hounds (D:4)
  2 orc priests (D:4)
  Crazy Yiuf (D:3)
  An orc wizard (D:4)
  Terence (D:3)
  Jessica (D:2)
  A worker ant (D:4)
  6 gnolls
  5 adders
  2 oozes
  4 worms
  A dart slug (D:3)
  2 leopard geckos
  9 orcs
  4 bats
  7 giant cockroaches
  8 hobgoblins
  2 kobolds
  7 quokkas
  6 frilled lizards
  6 goblins
  10 rats
89 creatures vanquished.

Notes
Turn   | Place    | Note
-------+----------+-------------------------------------------
     0 | D:1      | namelastname112 the Draconian Wizard began the quest for
                  | the Orb.
     0 | D:1      | Reached XP level 1. HP: 14/14 MP: 4/4
   249 | D:1      | You fall through a shaft!
   265 | D:2      | Reached XP level 2. HP: 22/22 MP: 3/6
  1032 | D:2      | Reached skill level 1 in Fighting
  1032 | D:2      | Reached XP level 3. HP: 12/28 MP: 1/7
  1342 | D:2      | Reached XP level 4. HP: 31/35 MP: 4/9
  1402 | D:2      | Noticed Jessica
  1409 | D:2      | Killed Jessica
  1447 | D:2      | Learned a level 2 spell: Blink
  1451 | D:2      | Learned a level 3 spell: Conjure Flame
  1704 | D:3      | Noticed Terence
  1725 | D:3      | Killed Terence
  1725 | D:3      | Reached XP level 5. HP: 32/41 MP: 2/11
  2205 | D:3      | Found a runed door.
  2710 | D:3      | Noticed Crazy Yiuf
  2723 | D:3      | Killed Crazy Yiuf
  2802 | D:4      | Reached XP level 6. HP: 48/48 MP: 7/12
  2990 | D:4      | Found a staircase to the Ecumenical Temple.
  3016 | Temple   | Entered the Ecumenical Temple
  3052 | Temple   | Became a worshipper of Vehumet
  3273 | D:4      | Found a shimmering altar of Xom.
  3309 | D:4      | Noticed a slave
  3309 | D:4      | Noticed a slave
  3311 | D:4      | Noticed Pikel
  3312 | D:4      | Noticed a slave
  3313 | D:4      | Noticed a slave
  3365 | D:4      | Killed Pikel
  3365 | D:4      | Reached skill level 5 in Spellcasting
  3365 | D:4      | Reached skill level 5 in Conjurations
  3365 | D:4      | Your scales start taking on a pale cyan-grey colour.
  3365 | D:4      | Reached XP level 7. HP: 33/57 MP: 13/15
  3517 | D:4      | Quit the game

Vault maps used:
D:1:      nicolae_arrival_memento_mori
D:2:      uniq_jessica
D:3:      wad_woods_tower, uniq_crazy_yiuf_cottage, uniq_terence
D:4:      kennysheep_mini_moat, minmay_temple_entry_glassed_door, first_ration,
          st_stairs_4, uniq_pikel, uniq_blork_the_orc
Temple:   minmay_crystal_snake_temple

Skill      XL: |  1  2  3  4  5  6 |
---------------+-------------------+-----
Dodging        | 2 3 |  3.6
Fighting       | 1 2 3 |  3.5
Conjurations   | 2 3 5 |  5.2
Spellcasting   | 4 5 |  5.6
Stealth        | |  1.7
Summonings     | |  1.0
Translocations | |  1.0

Action                   |  1- 3 |  4- 6 |  7- 9 || total
-------------------------+-------+-------+-------++-------
Melee: Dagger            |    35 |       |       ||    35
       Short sword       |    14 |   105 |     7 ||   126
       Tailslap          |     3 |     9 |     2 ||    14
 Cast: Magic Dart        |    60 |   104 |    18 ||   182
 Stab: Sleeping          |     1 |     5 |       ||     6
  Eat: Chunk             |     1 |     6 |       ||     7
Armor: Skin              |    13 |    32 |     2 ||    47
Dodge: Dodged            |    28 |    79 |     6 ||   113

Table legend:
 A = Non-vault XP
 B = Vault XP
 C = Vault XP percentage of total XP
 D = Non-vault monster count
 E = Vault monster count
 F = Vault count percentage of total count
                 A         B        C        D         E       F
            +---------+---------+-------+---------+---------+-------
      Total |     498 |     838 |  62.7 |      78 |      11 |  12.4
            +---------+---------+-------+---------+---------+-------
        D:1 |      17 |       0 |   0.0 |      13 |       0 |   0.0
        D:2 |     110 |      37 |  25.2 |      23 |       1 |   4.2
        D:3 |      94 |     115 |  55.0 |      26 |       8 |  23.5
        D:4 |     277 |     686 |  71.2 |      16 |       2 |  11.1
            +---------+---------+-------+---------+---------+-------
